 Dungeon Crawl Stone Soup version 0.23.2-40-g277498a (webtiles) character file.

Game seed: 10946431876114677106

51 DimondSprtn the Charmwright (level 3, -3/31 HPs)
             Began as a Gnoll Skald on Oct 11, 2019.
             Slain by Sigmund
             ... wielding a +0 scythe
              (13 damage)
             ... on level 2 of the Dungeon.
             The game lasted 00:05:30 (1841 turns).

DimondSprtn the Charmwright (Gnoll Skald)           Turns: 1841, Time: 00:05:31

Health: -3/31      AC:  4    Str: 13    XL:     3   Next: 81%
Magic:  3/9        EV: 14    Int: 15    God:
Gold:   48         SH:  0    Dex: 15    Spells: 9/12 levels left

rFire    . . .     SeeInvis .   e - +0 mace
rCold    . . .     Gourm    .   (no shield)
rNeg     . . .     Faith    .   b - +0 leather armour
rPois    +         Spirit   .   (no helmet)
rElec    .         Reflect  .   (no cloak)
rCorr    .         Harm     .   g - +0 pair of gloves
MR       .....                  (no boots)
Stlth    +.........             (no amulet)
HPRegen  0.10/turn              h - ring of poison resistance
MPRegen  0.11/turn              (no ring)

@: confused, very slightly contaminated
A: distributed training, fangs 1, strong nose
a: no special abilities


You were on level 2 of the Dungeon.
You were not hungry.

You visited 1 branch of the dungeon, and saw 2 of its levels.

You collected 48 gold pieces.

Inventory:

Hand Weapons
 e - a +0 mace (weapon)
Armour
 b - a +0 leather armour (worn)
 g - a +0 pair of gloves (worn)
Jewellery
 h - a ring of poison resistance (left hand)
Scrolls
 a - 2 scrolls of enchant weapon {unknown}
 c - a scroll of magic mapping {unknown}
 i - a scroll of teleportation {unknown}
 j - 3 scrolls of identify {unknown}
 k - 3 scrolls of enchant armour {unknown}
Potions
 f - 4 potions of heal wounds {unknown}
Comestibles
 d - 3 rations
 l - a chunk of flesh


   Skills:
 + Level 4.5 Fighting
 + Level 0.9 Short Blades
 + Level 4.5 Long Blades
 + Level 0.9 Axes
 + Level 0.9 Maces & Flails
 + Level 0.9 Polearms
 + Level 0.9 Staves
 + Level 0.9 Slings
 + Level 0.9 Bows
 + Level 0.9 Crossbows
 + Level 0.9 Throwing
 + Level 2.6 Armour
 + Level 4.5 Dodging
 + Level 0.9 Stealth
 + Level 0.9 Shields
 + Level 0.9 Unarmed Combat
 + Level 5.0 Spellcasting
 + Level 0.6 Conjurations
 + Level 0.6 Hexes
 + Level 5.4 Charms
 + Level 0.6 Summonings
 + Level 0.6 Necromancy
 + Level 0.6 Translocations
 + Level 0.6 Transmutations
 + Level 0.6 Fire Magic
 + Level 0.6 Ice Magic
 + Level 0.6 Air Magic
 + Level 0.6 Earth Magic
 + Level 0.6 Poison Magic
 + Level 1.0 Invocations
 + Level 0.9 Evocations


You had 9 spell levels left.
You knew the following spells:

 Your Spells              Type           Power        Failure   Level  Hunger
a - Infusion              Chrm           ###.         2%          1    None
b - Shroud of Golubria    Chrm/Tloc      ##........   9%          2    ##.....

Your spell library contained the following spells:

 Spells                   Type           Power        Failure   Level  Hunger
 Song of Slaying          Chrm           ###.....     3%          2    ##.....
 Regeneration             Chrm/Necr      ##........   19%         3    ###....
 Spectral Weapon          Hex/Chrm       ##......     19%         3    ###....


Dungeon Overview and Level Annotations

Branches:
Dungeon (2/15)

Altars:
Cheibriados

Annotations:
D:2 Sigmund


Innate Abilities, Weirdness & Mutations

Your experience applies equally to all skills.
You have very sharp teeth.
Your uncanny sense of smell can sniff out nearby items.


Message History

Sigmund is almost dead.
Sigmund misses you.
You hit Sigmund.
Sigmund is almost dead.
Sigmund barely misses you.
You closely miss Sigmund.
Sigmund is almost dead.
You hit Sigmund but do no damage.
Sigmund is almost dead.
Sigmund gestures at you while chanting.
You are confused.
Sigmund casts a spell at you.
The puff of flame hits you but does no damage.
You bump into the rock wall.
Sigmund casts a spell at you. The puff of flame hits you!
You bump into the rock wall.
Sigmund misses you.
You bump into the rock wall.
You bump into the rock wall.
Sigmund hits you with a +0 scythe!
You die...

.........# ..
.......... ..##......#.
......≈≈≈.. ..[.≈≈≈≈≈##
##..≈≈.≈≈_#############
...≈≈≈≈≈##...........#
#.@≈≈.#.######.####.
#@#.#.#.......# #.
#.#.#.#....#..###.
#...#.#...........
.######)#.#....#..####
...$[...#.#.....<.....
........#.#..........#
######................
#.#########..##.. ##
##.....


You could see Sigmund.

Vanquished Creatures
  An ooze (D:2)
  A worm (D:2)
  A dart slug (D:2)
  A leopard gecko (D:1)
  A ball python (D:1)
  A giant cockroach (D:1)
  9 goblins
  6 hobgoblins (D:1)
  3 kobolds
  5 bats
  3 frilled lizards
  7 rats
39 creatures vanquished.

Notes
Turn   | Place    | Note
-------+----------+-------------------------------------------
     0 | D:1      | DimondSprtn the Gnoll Skald began the quest for the Orb.
     0 | D:1      | Reached XP level 1. HP: 20/20 MP: 6/6
   250 | D:1      | Reached XP level 2. HP: 26/26 MP: 4/7
   480 | D:1      | Learned a level 2 spell: Shroud of Golubria
  1014 | D:1      | Reached XP level 3. HP: 24/31 MP: 9/9
  1104 | D:1      | Reached skill level 5 in Spellcasting
  1643 | D:2      | Noticed Sigmund
  1713 | D:2      | Reached skill level 1 in Invocations
  1810 | D:2      | Found a snail-covered altar of Cheibriados.
  1841 | D:2      | Slain by Sigmund

Skill      XL: |  1  2  3 |
---------------+----------+-----
Spellcasting   | 5 |  5.0
Invocations    | 1 |  1.0
Fighting       | |  4.5
Short Blades   | |  0.9
Long Blades    | |  4.5
Axes           | |  0.9
Maces & Flails | |  0.9
Polearms       | |  0.9
Staves         | |  0.9
Slings         | |  0.9
Bows           | |  0.9
Crossbows      | |  0.9
Throwing       | |  0.9
Armour         | |  2.6
Dodging        | |  4.5
Stealth        | |  0.9
Shields        | |  0.9
Unarmed Combat | |  0.9
Conjurations   | |  0.6
Hexes          | |  0.6
Charms         | |  5.4
Summonings     | |  0.6
Necromancy     | |  0.6
Translocations | |  0.6
Transmutations | |  0.6
Fire Magic     | |  0.6
Ice Magic      | |  0.6
Air Magic      | |  0.6
Earth Magic    | |  0.6
Poison Magic   | |  0.6
Evocations     | |  0.9

Action                   || total
-------------------------++-------
Melee: Falchion          ||    12
       Bite              ||    10
       Mace              ||   106
 Cast: Infusion          ||    14
 Stab: Sleeping          ||     1
  Eat: Chunk             ||     3
Armor: Leather armour    ||    26
Dodge: Dodged            ||   127
